 Dungeon Crawl Stone Soup version 0.17.1-2-g5865329 (webtiles) character file.

148 namelastname112 the Insei (level 5, -2/38 HPs)
             Began as a Draconian Wizard on Jan 11, 2016.
             Slain by an orc
             ... wielding a +0 mace
              (7 damage)
             ... on level 2 of the Dungeon.
             The game lasted 00:05:55 (2679 turns).

namelastname112 the Insei (Draconian Wizard)        Turns: 2679, Time: 00:05:56

Health: -2/38      AC:  6    Str: 10    XL:     5   Next: 8%
Magic:  0/9        EV: 12    Int: 18    God:
Gold:   93         SH:  0    Dex: 10    Spells: 1 memorised, 9 levels left

rFire  . . .     SeeInvis .       - Unarmed
rCold  . . .     Clarity  .     (armour unavailable)
rNeg   . . .     SustAt   .     (no shield)
rPois  .         Gourm    .     a - +0 hat
rElec  .         Spirit   .     g - +0 cloak
rCorr  .         Warding  .     (no gloves)
rMut   .         Stasis   .     (no boots)
MR     .....                    (no amulet)
Stlth  ++........               (no ring)
                                (no ring)

@: very slightly contaminated, not resistant to hostile enchantments, unstealthy
A: unfitting armour, cold-blooded, AC +5
a: no special abilities


You were on level 2 of the Dungeon.
You were not hungry.

You visited 1 branch of the dungeon, and saw 3 of its levels.

You collected 93 gold pieces.

Inventory:

Armour
 a - a +0 hat (worn)
 g - a +0 cloak (worn)
 t - a +0 pair of boots
Scrolls
 e - a scroll of immolation {unknown}
 f - 2 scrolls of identify {unknown}
 h - a scroll of remove curse {unknown}
 k - a scroll of fog {unknown}
 n - a scroll of recharging {unknown}
 q - a scroll of enchant weapon {unknown}
 r - a scroll of amnesia {unknown}
Potions
 d - a potion of haste
Books
 b - a book of Minor Magic

   Spells                             Type                      Level
   a - Magic Dart                     Conjuration                  1
   b - Blink                          Translocation                2
   c - Call Imp                       Summoning                    2
   d - Repel Missiles                 Charms/Air                   2
   e - Slow                           Hexes                        2
   f - Conjure Flame                  Conjuration/Fire             3
   g - Mephitic Cloud                 Conjuration/Poison/Air       3
Comestibles
 c - 2 bread rations
 i - a beef jerky
 l - 3 fruits
 o - a royal jelly
 s - a meat ration


   Skills:
 - Level 1.7 Dodging
 - Level 1.7 Stealth
 + Level 4.8 Unarmed Combat
 - Level 3.0 Spellcasting
 - Level 1.0 Conjurations
   Level 1.0 Summonings
   Level 1.0 Translocations


You had 9 spell levels left.
You knew the following spells:

 Your Spells              Type           Power        Failure   Level  Hunger
z - Magic Dart            Conj           #...         12%         1    None


Dungeon Overview and Level Annotations

Branches:
Dungeon (3/15)

Altars:
Cheibriados


Innate Abilities, Weirdness & Mutations

Your plain brown scales are hard (AC +5).
Your body does not fit into most forms of armour.
You are cold-blooded and may be slowed by cold attacks.


Message History

* * * LOW HITPOINT WARNING * * *
The orc barely misses you.
Casting: Magic Dart
Confirm with . or Enter, or press ? or * to list all spells.
Aiming: Magic Dart
Press: ? - help, Shift-Dir - straight line, f/p - orc wizard
Aim: an orc wizard, wielding a dagger and wearing a robe (heavily wounded)
The magic dart hits the orc wizard.
The orc wizard is heavily wounded.
The orc wizard hits you with a dagger.
* * * LOW HITPOINT WARNING * * *
Unknown command.
You hit the orc wizard.
The orc wizard is almost dead.
The orc hits you but does no damage. The orc wizard completely misses you.
You hit the orc wizard.
You kill the orc wizard!
You have reached level 5!
The orc hits you with a mace!
You die...

#### ...# ...#
...#
...###############
........)......)@#
...#############o#
############ #.#
.....##....# #.#
####.##....# #.# #
#.......# #.# #
#.......# #.# #
#.......# #.# #
#.##....# #.#


You could see an orc.

Vanquished Creatures
  An orc wizard (D:2)
  5 adders
  3 oozes
  3 orcs (D:2)
  A ball python (D:2)
  4 goblins
  4 hobgoblins
  4 jackals (D:1)
  12 kobolds
  7 bats
  4 giant cockroaches
  2 giant geckos
  5 giant newts
  4 rats
59 creatures vanquished.

Notes
Turn   | Place    | Note
--------------------------------------------------------------
     0 | D:1      | namelastname112 the Draconian Wizard began the quest for the Orb.
     0 | D:1      | Reached XP level 1. HP: 14/14 MP: 4/4
    24 | D:1      | You fall through a shaft!
    24 | D:2      | Found a faded altar to an unknown god.
   179 | D:1      | Reached skill level 1 in Unarmed Combat
   206 | D:1      | Found a snail-covered altar of Cheibriados.
   216 | D:1      | Reached XP level 2. HP: 15/20 MP: 0/6
   985 | D:1      | Reached XP level 3. HP: 26/26 MP: 0/7
  1280 | D:2      | Reached XP level 4. HP: 33/33 MP: 0/8
  1697 | D:2      | Reached skill level 4 in Unarmed Combat
  1955 | D:2      | HP: 1/49 [kobold/dagger (2)]
  2679 | D:2      | Reached XP level 5. HP: 5/38 MP: 0/9
  2679 | D:2      | Slain by an orc

Action                   |  1- 3 |  4- 6 || total
-------------------------+-------+-------++-------
Melee: Unarmed           |    57 |    68 ||   125
 Cast: Magic Dart        |    60 |    63 ||   123
  Use: Potion            |       |     5 ||     5
  Eat: Chunk             |     1 |     5 ||     6
